 Dungeon Crawl Stone Soup version 0.22-a0-810-g93d1441 (webtiles) character file.

28 zishaf the Insei (level 3, -2/18 HPs)
             Began as a Vine Stalker Transmuter on July 23, 2018.
             Killed from afar by an orc wizard (4 damage)
             ... with a puff of flame
             ... on level 2 of the Dungeon.
             The game lasted 00:02:52 (1167 turns).

zishaf the Insei (Vine Stalker Transmuter)          Turns: 1167, Time: 00:02:53

Health: -2/18      AC:  3    Str: 13    XL:     3   Next: 14%
Magic:  0/7        EV: 12    Int: 13    God:
Gold:   44         SH:  0    Dex: 14    Spells: 5/6 levels left

rFire    . . .     SeeInvis .     - Unarmed
rCold    . . .     Gourm    .   (no shield)
rNeg     . . .     Faith    .   b - +0 robe
rPois    .         Spirit   +   e - +0 helmet (curse)
rElec    .         Reflect  .   (no cloak)
rCorr    .         Harm     .   (no gloves)
MR       .....                  (no boots)
Stlth    +.........             (no amulet)
HPRegen  0.06/turn              (no ring)
MPRegen  0.10/turn              (no ring)

@: no status effects
A: fangs 2, magic shield, antimagic bite, no potion heal 3, rot immunity
a: no special abilities


You were on level 2 of the Dungeon.
You were hungry.

You visited 1 branch of the dungeon, and saw 2 of its levels.

You collected 44 gold pieces.

Inventory:

Missiles
 a - 12 arrows
Armour
 b - a +0 robe (worn)
 e - a cursed +0 helmet (worn)
Scrolls
 h - 2 scrolls of immolation {unknown}
 i - a scroll of enchant weapon {unknown}
Potions
 f - 2 potions of curing {unknown}
 g - a potion of mutation {unknown}
 j - a potion of haste {unknown}
Comestibles
 d - a ration


   Skills:
 + Level 1.6 Fighting
 + Level 2.1 Dodging
 - Level 3.0 Unarmed Combat
 - Level 2.1 Spellcasting
 + Level 2.5 Transmutations


You had 5 spell levels left.
You knew the following spells:

 Your Spells              Type           Power        Failure   Level  Hunger
a - Beastly Appendage     Tmut           #.....       9%          1    ##.....

Your spell library contained the following spells:

 Spells                   Type           Power        Failure   Level  Hunger
 Spider Form              Tmut/Pois      #.........   41%         3    ####...
 Blade Hands              Tmut           #.........   94%         5    ######.
 Ice Form                 Ice/Tmut       #.......     83%         4    #####..
 Sticks to Snakes         Tmut           #.......     13%         2    ###....


Dungeon Overview and Level Annotations

Branches:
Dungeon (2/15)

Altars:


Innate Abilities, Weirdness & Mutations

You have extremely sharp teeth.
When hurt, damage is shared between your health and your magic reserves.
Your bite disrupts and absorbs the magic of your enemies.
Potions cannot restore your health.
You are immune to rotting.


Message History

The jackal is severely wounded.
The jackal bites you.
* * * LOW HITPOINT WARNING * * *
The orc wizard hits you but does no damage.
You hit the jackal.
You kill the jackal!
The orc wizard gestures at you while chanting.
The puff of flame misses you. The rat bites you but does no damage.
You hit the rat.
You kill the rat!
The orc wizard completely misses you.
You hit the orc.
The orc is almost dead.
The orc wizard hits you with a dagger.
You closely miss the orc. Your bite misses the orc.
The orc is almost dead.
The orc barely misses you.
The orc wizard gestures at you while chanting.
The puff of flame hits you!
You die...

#.# #.#
.# #.#
#.# #.#
#.# #.#
#.#
####.#
#r# #.#
rh...#
#.# #.#
######
#.# #o#
#.####o#
#....oo#
######@#
#.# ###


You could see an orc wizard and 3 orcs.

Vanquished Creatures
  2 leopard geckos (D:2)
  A giant cockroach (D:1)
  A goblin (D:2)
  3 hobgoblins
  4 jackals (D:2)
  5 bats
  2 frilled lizards
  3 kobolds (D:1)
  4 rats
25 creatures vanquished.

Notes
Turn   | Place    | Note
-------+----------+-------------------------------------------
     0 | D:1      | zishaf the Vine Stalker Transmuter began the quest for the Orb.
     0 | D:1      | Reached XP level 1. HP: 9/9 MP: 4/4
    24 | D:1      | Reached skill level 1 in Fighting
   278 | D:1      | Reached XP level 2. HP: 12/14 MP: 4/6
  1125 | D:2      | Reached XP level 3. HP: 3/18 MP: 7/7
  1167 | D:2      | Killed from afar by an orc wizard

Vault maps used:
D:1:      lightli_arrival_maybe_door_vault
D:2:      dancing_weapons_uskayaw

Skill      XL: |  1  2 |
---------------+-------+-----
Fighting       | 1 |  1.6
Dodging        | 2 |  2.1
Unarmed Combat | |  3.0
Spellcasting   | |  2.1
Transmutations | |  2.5

Action                   || total
-------------------------++-------
Melee: Unarmed           ||    94
       Bite              ||    16
       Kick              ||     1
 Cast: Beastly Appendage ||     1
 Stab: Sleeping          ||     2
Armor: Robe              ||    41
Dodge: Dodged            ||   132

Table legend:
 A = Spawn XP
 B = Non-spawn XP
 C = Spawn XP percentage of total XP
 D = Spawn monster count
 E = Non-spawn monster count
 F = Spawn count percentage of total count
 G = Total turns spent on level
                    A         B        C        D         E        F      G
               +---------+---------+-------+---------+---------+-------+---------
         Total |       0 |      41 |   0.0 |       0 |      25 |   0.0 |  1167
               +---------+---------+-------+---------+---------+-------+---------
           D:1 |       0 |      19 |   0.0 |       0 |      13 |   0.0 |   762
           D:2 |       0 |      22 |   0.0 |       0 |      12 |   0.0 |   405
               +---------+---------+-------+---------+---------+-------+---------
